ORI
UNIVERSITY OF MINNESOTA GOLDEN GOPHERS @ UNIVERSITY OF CONNETICUT HUSKIES
11/25/2048
 
TOP OF THE 1ST
University of Conneticut Huskies batting - Pitching for University of Oklahoma Sooners : RHP Matthew Sax
Pitching: RHP Matthew Sax
Batting: RHB Jordan Nicholas 0-0: Ball
1-0: Foul Ball, location: 2F
1-1: Ball
2-1: Fly out, F8 (Flyball, 8LD, EV 96.9 MPH)
Batting: LHB Greg James 0-0: Ball
1-0: Called Strike
1-1: Swinging Strike
1-2: Ball
2-2: Strikes out swinging
Batting: RHB Roku Kawano 0-0: Ball
1-0: Fly out, F8 (Flyball, 8RD, EV 91.9 MPH)
Top of the 1st over - 0 runs, 0 hits, 0 errors, 0 left on base; University of Conneticut 0 - University of Oklahoma 0
BOTTOM OF THE 1ST
University of Oklahoma Sooners batting - Pitching for University of Conneticut Huskies : RHP Jose Rios
Pitching: RHP Jose Rios
Batting: RHB Myles Sabine 0-0: Swinging Strike
0-1: Ball
1-1: Foul Ball, location: 2F
1-2: Strikes out swinging
Batting: RHB Virgil Wenz 0-0: Called Strike
0-1: Called Strike
0-2: Strikes out looking
Batting: SHB Orlando Uribe 0-0: Ball
1-0: Called Strike
1-1: Ball
2-1: Called Strike
2-2: Strikes out swinging
Bottom of the 1st over - 0 runs, 0 hits, 0 errors, 0 left on base; University of Conneticut 0 - University of Oklahoma 0
TOP OF THE 2ND
University of Conneticut Huskies batting - Pitching for University of Oklahoma Sooners : RHP Matthew Sax
Batting: LHB Andrew Barzee 0-0: Foul Ball, location: 2LF, Error on foul ball, E2
0-1: Ground out 1-3 (Groundball, 13, EV 71.9 MPH)
Batting: LHB Hector Acosta 0-0: Ball
1-0: SINGLE (Groundball, 34D, EV 105.0 MPH)
Batting: RHB Victor Nava 0-0: Ball
1-0: Fly out, F3 (Popup, 3L, EV 63.1 MPH)
Batting: RHB Cullen Elliott 0-0: Fielders Choice at 2nd, 6-4 (Groundball, 56, EV 94.4 MPH)
Top of the 2nd over - 0 runs, 1 hit, 1 error, 1 left on base; University of Conneticut 0 - University of Oklahoma 0
BOTTOM OF THE 2ND
University of Oklahoma Sooners batting - Pitching for University of Conneticut Huskies : RHP Jose Rios
Batting: RHB Ruben Arreola 0-0: Fly out, F7 (Flyball, 7S, EV 77.5 MPH)
Batting: RHB Sugiarto Kartosuwiryo 0-0: Ground out 4-3 (Groundball, 4, EV 76.9 MPH)
Batting: RHB David Stuckey 0-0: Called Strike
0-1: Ball
1-1: Called Strike
1-2: Ball
2-2: Foul Ball, location: 2F
2-2: Foul Ball, location: 2F
2-2: Ball
3-2: Strikes out swinging
Bottom of the 2nd over - 0 runs, 0 hits, 0 errors, 0 left on base; University of Conneticut 0 - University of Oklahoma 0
TOP OF THE 3RD
University of Conneticut Huskies batting - Pitching for University of Oklahoma Sooners : RHP Matthew Sax
Batting: LHB Omar Alba 0-0: Swinging Strike
0-1: Foul Ball, location: 2F
0-2: Strikes out swinging
Batting: RHB Jack Vokey 0-0: Called Strike
0-1: Fly out, F7 (Flyball, 7, EV 87.5 MPH)
Batting: RHB Jordan Nicholas 0-0: Ground out 4-3 (Groundball, 4, EV 93.8 MPH)
Top of the 3rd over - 0 runs, 0 hits, 0 errors, 0 left on base; University of Conneticut 0 - University of Oklahoma 0
BOTTOM OF THE 3RD
University of Oklahoma Sooners batting - Pitching for University of Conneticut Huskies : RHP Jose Rios
Batting: RHB Kjeld Leen 0-0: Swinging Strike
0-1: Ball
1-1: Called Strike
1-2: SINGLE (Groundball, 6MD, EV 101.2 MPH)
Batting: RHB Jon Chatman 0-0: Called Strike
0-1: Ball
1-1: Called Strike
Kjeld Leen steals 2nd base
1-2: SINGLE (Line Drive, 8RS, EV 103.1 MPH)
Kjeld Leen to third
Batting: LHB Nelson Morales 0-0: Called Strike
Jon Chatman steals 2nd base
0-1: Ball
1-1: Ball
2-1: Foul Ball, location: 2F
2-2: Ball
3-2: Strikes out looking
Batting: RHB Myles Sabine 0-0: Ball
1-0: Foul Ball, location: 2F
1-1: Fly out, F9 (Flyball, 9S, EV 76.2 MPH)
Batting: RHB Virgil Wenz 0-0: Swinging Strike
0-1: Called Strike
0-2: Ball
1-2: Strikes out swinging
Bottom of the 3rd over - 0 runs, 2 hits, 0 errors, 2 left on base; University of Conneticut 0 - University of Oklahoma 0
TOP OF THE 4TH
University of Conneticut Huskies batting - Pitching for University of Oklahoma Sooners : RHP Matthew Sax
Batting: LHB Greg James 0-0: Ground out 4-3 (Groundball, 34, EV 110.6 MPH)
Batting: RHB Roku Kawano 0-0: Foul Ball, location: 2F
0-1: Ball
1-1: SINGLE (Line Drive, 8LS, EV 92.5 MPH)
Batting: LHB Andrew Barzee 0-0: Swinging Strike
0-1: Ball
1-1: Foul Ball, location: 2F
1-2: Ball
2-2: Foul Ball, location: 2F
2-2: Foul Ball, location: 2F
2-2: Foul Ball, location: 2F
2-2: Foul Ball, location: 2F
2-2: Fielders Choice at 2nd, 6-4 (Groundball, 6, EV 85.0 MPH)
Batting: LHB Hector Acosta 0-0: Called Strike
Andrew Barzee is caught stealing 2nd base 2-6
Top of the 4th over - 0 runs, 1 hit, 0 errors, 0 left on base; University of Conneticut 0 - University of Oklahoma 0
BOTTOM OF THE 4TH
University of Oklahoma Sooners batting - Pitching for University of Conneticut Huskies : RHP Jose Rios
Batting: SHB Orlando Uribe 0-0: Called Strike
0-1: Ball
1-1: Ball
2-1: Ground out 5-3 (Groundball, 56D, EV 83.1 MPH)
Batting: RHB Ruben Arreola 0-0: SOLO HOME RUN (Flyball, 9D, EV 104.4 MPH), Distance : 383 ft
Batting: RHB Sugiarto Kartosuwiryo 0-0: Foul Ball, location: 2F
0-1: Foul Ball, location: 2F
0-2: Ball
1-2: Ball
2-2: Ball
3-2: Ground out 5-3 (Groundball, 56S, EV 69.4 MPH)
Batting: RHB David Stuckey 0-0: Ball
1-0: Ball
2-0: Called Strike
2-1: Called Strike
2-2: Ball
3-2: SINGLE (Line Drive, 8LS, EV 109.4 MPH)
Batting: RHB Kjeld Leen 0-0: Called Strike
0-1: Swinging Strike
0-2: Ball
1-2: Strikes out swinging
Bottom of the 4th over - 1 run, 2 hits, 0 errors, 1 left on base; University of Conneticut 0 - University of Oklahoma 1
TOP OF THE 5TH
University of Conneticut Huskies batting - Pitching for University of Oklahoma Sooners : RHP Matthew Sax
Batting: LHB Hector Acosta 0-0: Called Strike
0-1: Ball
1-1: Ball
2-1: Swinging Strike
2-2: Ball
3-2: SINGLE (Groundball, 4MD, EV 102.5 MPH)
Batting: RHB Victor Nava 0-0: Called Strike
0-1: Fielders Choice at 2nd, 6-4 (Groundball, 6, EV 85.0 MPH)
Batting: RHB Cullen Elliott 0-0: Ball
Victor Nava steals 2nd base
1-0: Foul Ball, location: 2F
1-1: Called Strike
Victor Nava is caught stealing 3rd base 2-5
1-2: Ball
2-2: Foul Ball, location: 2F
2-2: Ball
3-2: Foul Ball, location: 2F
3-2: Fly out, F4 (Line Drive, 4M, EV 62.5 MPH)
Top of the 5th over - 0 runs, 1 hit, 0 errors, 0 left on base; University of Conneticut 0 - University of Oklahoma 1
BOTTOM OF THE 5TH
University of Oklahoma Sooners batting - Pitching for University of Conneticut Huskies : RHP Jose Rios
Pitching: LHP William Garcia
Batting: RHB Jon Chatman 0-0: Called Strike
0-1: SINGLE (Line Drive, 9S, EV 105.0 MPH)
Batting: LHB Nelson Morales 0-0: Called Strike
0-1: Called Strike
Jon Chatman is caught stealing 2nd base 2-6
0-2: Ball
1-2: Strikes out looking
Batting: RHB Myles Sabine 0-0: Ground out 5-3 (Groundball, 56S, EV 90.6 MPH)
Bottom of the 5th over - 0 runs, 1 hit, 0 errors, 0 left on base; University of Conneticut 0 - University of Oklahoma 1
TOP OF THE 6TH
University of Conneticut Huskies batting - Pitching for University of Oklahoma Sooners : RHP Matthew Sax
Batting: LHB Omar Alba 0-0: Ball
1-0: Called Strike
1-1: Ball
2-1: Foul Ball, location: 2F
2-2: Foul Ball, location: 2F
2-2: Foul Ball, location: 2F
2-2: Strikes out swinging
Batting: RHB Jack Vokey 0-0: Foul Ball, location: 2F
0-1: Foul Ball, location: 2F
0-2: Reached on error, E6 (Groundball, 6, EV 85.6 MPH)
Batting: RHB Jordan Nicholas 0-0: Reached on error, E5 (Groundball, 56, EV 81.9 MPH)
Jack Vokey to third
Batting: LHB Greg James 0-0: Ball
1-0: Called Strike
1-1: Ball
2-1: Called Strike
Jordan Nicholas steals 2nd base
2-2: Ground out 4-3 (Groundball, 4, EV 86.2 MPH)
Batting: RHB Roku Kawano 0-0: Ground out 3-1 (Groundball, 34, EV 88.8 MPH)
Top of the 6th over - 0 runs, 0 hits, 2 errors, 2 left on base; University of Conneticut 0 - University of Oklahoma 1
BOTTOM OF THE 6TH
University of Oklahoma Sooners batting - Pitching for University of Conneticut Huskies : LHP William Garcia
Batting: RHB Virgil Wenz 0-0: Foul Ball, location: 2F
0-1: Called Strike
0-2: Foul Ball, location: 2F
0-2: Strikes out looking
Batting: SHB Orlando Uribe 0-0: Ball
1-0: Ground out 6-3 (Groundball, 6, EV 105.0 MPH)
Batting: RHB Ruben Arreola 0-0: Called Strike
0-1: Called Strike
0-2: Foul Ball, location: 2F
0-2: Ball
1-2: Strikes out looking
Bottom of the 6th over - 0 runs, 0 hits, 0 errors, 0 left on base; University of Conneticut 0 - University of Oklahoma 1
TOP OF THE 7TH
University of Conneticut Huskies batting - Pitching for University of Oklahoma Sooners : RHP Matthew Sax
Pinch Hitting: RHB Kyle Finney 0-0: Called Strike
0-1: Swinging Strike
0-2: Strikes out swinging
Batting: LHB Hector Acosta 0-0: Called Strike
0-1: Ball
1-1: Ground out U3 (Groundball, 3, EV 84.4 MPH)
Batting: RHB Victor Nava 0-0: Ball
1-0: Ball
2-0: Ball
3-0: Called Strike
3-1: Ground out 6-3 (Groundball, 56, EV 79.4 MPH)
Top of the 7th over - 0 runs, 0 hits, 0 errors, 0 left on base; University of Conneticut 0 - University of Oklahoma 1
BOTTOM OF THE 7TH
University of Oklahoma Sooners batting - Pitching for University of Conneticut Huskies : LHP William Garcia
Now at 1B: Paul Pastrano
Batting: RHB Sugiarto Kartosuwiryo 0-0: Ball
1-0: Foul Ball, location: 2F
1-1: Ball
2-1: Swinging Strike
2-2: Strikes out swinging
Batting: RHB David Stuckey 0-0: Ball
1-0: Ground out 6-3 (Groundball, 6, EV 100.0 MPH)
Batting: RHB Kjeld Leen 0-0: Ball
1-0: Foul Ball, location: 2F
1-1: Foul Ball, location: 2F
1-2: Foul Ball, location: 2F
1-2: Foul Ball, location: 2F
1-2: Ground out 3-1 (Groundball, 34, EV 81.9 MPH)
Bottom of the 7th over - 0 runs, 0 hits, 0 errors, 0 left on base; University of Conneticut 0 - University of Oklahoma 1
TOP OF THE 8TH
University of Conneticut Huskies batting - Pitching for University of Oklahoma Sooners : RHP Matthew Sax
Pitching: RHP Colin Jensen
Batting: RHB Cullen Elliott 0-0: Ground out 6-3 (Groundball, 6S, EV 78.8 MPH)
Batting: LHB Omar Alba 0-0: Ball
1-0: Ground out U3 (Groundball, 3L, EV 101.2 MPH)
Batting: RHB Jack Vokey 0-0: Called Strike
0-1: Foul Ball, location: 2F
0-2: Ball
1-2: Ball
2-2: Ball
3-2: Base on Balls
Batting: RHB Jordan Nicholas 0-0: Foul Ball, location: 2F
0-1: Swinging Strike
0-2: Ball
1-2: Foul Ball, location: 2F
1-2: Strikes out swinging
Top of the 8th over - 0 runs, 0 hits, 0 errors, 1 left on base; University of Conneticut 0 - University of Oklahoma 1
BOTTOM OF THE 8TH
University of Oklahoma Sooners batting - Pitching for University of Conneticut Huskies : LHP William Garcia
Batting: RHB Jon Chatman 0-0: Ball
1-0: Called Strike
1-1: Ball
2-1: Ball
3-1: Base on Balls
Batting: LHB Nelson Morales 0-0: Bunt missed!
0-1: Called Strike
Jon Chatman is caught stealing 2nd base 2-6
0-2: Ball
1-2: Ball
2-2: Ground out 4-3 (Groundball, 34, EV 84.4 MPH)
Batting: RHB Myles Sabine 0-0: Called Strike
0-1: Called Strike
0-2: Ball
1-2: Strikes out swinging
Bottom of the 8th over - 0 runs, 0 hits, 0 errors, 0 left on base; University of Conneticut 0 - University of Oklahoma 1
TOP OF THE 9TH
University of Conneticut Huskies batting - Pitching for University of Oklahoma Sooners : RHP Colin Jensen
Pitching: LHP Bobby Cimilluca
Pinch Hitting: RHB Lee Wilbur 0-0: Ball
1-0: Called Strike
1-1: Ball
2-1: SINGLE (Line Drive, 5D, EV 95.6 MPH)
Pinch Hitting: SHB Miguel Perez 0-0: Ball
1-0: 2-RUN HOME RUN (Line Drive, 78XD, EV 113.8 MPH), Distance : 434 ft
Batting: RHB Paul Pastrano 0-0: Ground out 6-3 (Groundball, 6D, EV 98.1 MPH)
Batting: LHB Hector Acosta 0-0: Ground out U3 (Groundball, 3, EV 100.6 MPH)
Batting: RHB Victor Nava 0-0: Ball
1-0: SINGLE (Groundball, 4, EV 95.0 MPH)
Batting: RHB Cullen Elliott 0-0: Foul Ball, location: 2F
0-1: Fielders Choice at 2nd, 5-4 (Groundball, 5L, EV 96.9 MPH)
Top of the 9th over - 2 runs, 3 hits, 0 errors, 1 left on base; University of Conneticut 2 - University of Oklahoma 1
BOTTOM OF THE 9TH
University of Oklahoma Sooners batting - Pitching for University of Conneticut Huskies : LHP William Garcia
Now at C: Miguel Perez
Now in RF: Lee Wilbur
Pinch Hitting: LHB Pedro Marrero 0-0: Ball
1-0: Foul Ball, location: 2F
1-1: Called Strike
1-2: Strikes out swinging
Batting: SHB Orlando Uribe 0-0: Called Strike
0-1: SINGLE (Flyball, 34D, EV 88.8 MPH)
Batting: RHB Ruben Arreola 0-0: Called Strike
0-1: Ball
1-1: Ball
2-1: Ball
3-1: Foul Ball, location: 2F
3-2: Grounds into double play, 5-4-3 (Groundball, 5L, EV 98.1 MPH)
Bottom of the 9th over - 0 runs, 1 hit, 0 errors, 0 left on base; University of Conneticut 2 - University of Oklahoma 1
Tuesday, March 28th , 2023 - OOTP Baseball 23.10 Build 110